 Dungeon Crawl Stone Soup version 0.17-a0-1753-g75d4604 (webtiles) character file.

102 kae the Slasher (level 4, -3/29 HPs)
             Began as a High Elf Skald on Sept 2, 2015.
             Slain by a worm (11 damage)
             ... on level 2 of the Dungeon.
             The game lasted 00:04:23 (2482 turns).

kae the Slasher (High Elf Skald)                    Turns: 2482, Time: 00:04:23

Health: -3/29      AC:  3    Str: 11    XL:     4   Next: 50%
Magic:  4/8        EV:  6    Int: 15    God:
Gold:   96         SH:  0    Dex: 16    Spells: 1 memorised, 6 levels left

rFire  . . .     SeeInvis .     a - +0 falchion
rCold  . . .     Clarity  .     b - +0 leather armour
rNeg   . . .     SustAt   .     (no shield)
rPois  .         Gourm    .     (no helmet)
rElec  .         Spirit   .     (no cloak)
rCorr  .         Warding  .     (no gloves)
rMut   .         Stasis   .     (no boots)
MR     .....                    (no amulet)
Stlth  +.........               (no ring)
                                (no ring)

@: infused (expiring), not resistant to hostile enchantments, very unstealthy
A: no striking features
a: no special abilities


You were on level 2 of the Dungeon.
You were not hungry.

You visited 1 branch of the dungeon, and saw 2 of its levels.

You collected 96 gold pieces.

Inventory:

Hand weapons
 a - a +0 falchion (weapon)
Armour
 b - a +0 leather armour (worn)
Scrolls
 e - 2 scrolls of amnesia
 i - a scroll of fear {unknown}
 j - a scroll of random uselessness {unknown}
 k - a scroll of fog {unknown}
 n - a scroll of remove curse {unknown}
Potions
 l - a potion of flight
 m - a potion of cancellation {unknown}
 o - a potion of ambrosia {unknown}
Books
 c - a book of Battle

   Spells                             Type                      Level
   a - Infusion                       Charms                       1
   b - Shroud of Golubria             Charms/Translocation         2
   c - Song of Slaying                Charms                       2
   d - Spectral Weapon                Hexes/Charms                 3
   e - Regeneration                   Charms/Necromancy            3
Comestibles
 d - 3 bread rations
 g - a beef jerky
 h - a slice of pizza


   Skills:
 - Level 2.0 Fighting
 + Level 5.8 Long Blades
 - Level 0.8 Armour
 - Level 1.1 Dodging
 - Level 2.4 Spellcasting
 - Level 3.6 Charms


You had 6 spell levels left.
You knew the following spells:

 Your Spells              Type           Power        Failure   Level  Hunger
a - Infusion              Chrm           ##....       10%         1    #......


Dungeon Overview and Level Annotations

Branches:
Dungeon (2/15)

Altars:


Message History

The worm bites you.
A kobold comes into view.
You barely miss the worm.
The worm is moderately wounded.
You barely miss the worm.
The worm is moderately wounded.
The worm closely misses you.
The kobold shouts!
You hit the worm.
The worm is heavily wounded.
The kobold hits you but does no damage.
You hit the worm.
The worm is heavily wounded.
Your magical infusion is running out.
The worm bites you!
* * * LOW HITPOINT WARNING * * *
The kobold closely misses you.
You are too injured to fight recklessly!
The kobold hits you but does no damage. The worm bites you!
You die...

##############
#.........w..######
#.#########........
######.########.#.#...##
#......##....wK###..#.##.#
#..##........@..# #..?##.#
#..............g.>##.###.#
#...#.....######..# .# #.#
#..#_#.#...... %....# #(##
#...#..#..#### ..... #..
####.)....#..#
.#...##.#####
........###[##
.........gsgg .#####.##
#.# .........#### .# #.#
.# ...[###..# ##


You could see a worm, a goblin and a kobold.

Vanquished Creatures
  3 adders (D:2)
  2 oozes
  A giant gecko (D:1)
  4 giant cockroaches
  3 goblins (D:1)
  5 hobgoblins
  2 jackals (D:1)
  14 bats
  3 giant newts (D:1)
  A kobold (D:2)
  37 rats
75 creatures vanquished.

Notes
Turn   | Place    | Note
--------------------------------------------------------------
     0 | D:1      | kae the High Elf Skald began the quest for the Orb.
     0 | D:1      | Reached XP level 1. HP: 14/14 MP: 4/4
   116 | D:1      | Reached XP level 2. HP: 10/19 MP: 6/6
   634 | D:1      | Reached skill level 4 in Long Blades
   894 | D:1      | Reached XP level 3. HP: 17/24 MP: 7/7
  1181 | D:2      | Found a faded altar to an unknown god.
  1476 | D:2      | Reached skill level 5 in Long Blades
  1685 | D:2      | Reached XP level 4. HP: 26/29 MP: 2/8
  2482 | D:2      | Slain by a worm

Vault maps used:
D:1:      dpeg_arrival_subterranean_lakeside_camping,
          kennysheep_decorative_pillar
D:2:      first_bread, ecumenical_altar_1, minmay_rats_cheesy_pizza

Action                   |  1- 3 |  4- 6 || total
-------------------------+-------+-------++-------
Melee: Falchion          |   148 |    73 ||   221
 Cast: Infusion          |     8 |     3 ||    11
  Use: Scroll            |     3 |       ||     3
 Stab: Sleeping          |     1 |       ||     1
  Eat: Chunk             |     2 |     3 ||     5
